 Dungeon Crawl Stone Soup version 0.25-a0-41-g6cf4ce537d (webtiles) character file.

Game seed: 16058135719828488477, levelgen mode: deterministic

93615 Gumption the Blocker (level 16, -1/122 HPs)
             Began as a Human Necromancer on Oct 20, 2019.
             Was an Elder of Yredelemnul.
             Slain by a redback (3 damage)
             ... on level 2 of the Spider Nest on Oct 21, 2019.
             The game lasted 12:43:20 (37845 turns).

Gumption the Blocker (Human Necromancer)           Turns: 37845, Time: 12:43:21

Health: -1/122     AC: 18    Str: 14    XL:     16   Next: 57%
Magic:  0/30       EV: 14    Int: 29    God:    Yredelemnul [****..]
Gold:   1903       SH: 15    Dex: 14    Spells: 3/35 levels left

rFire    + + +     SeeInvis +   a - +7 spear of Katag {pain, SInv Stlth+}
rCold    + . .     Gourm    .   R - +2 shield
rNeg     . . .     Faith    .   U - quicksilver dragon scales
rPois    +         Spirit   .   J - +1 helmet {Int+3}
rElec    +         Reflect  .   k - scarf {rC+ rF+}
rCorr    .         Harm     .   l - +2 pair of gloves of Hide-and-Seek {+Inv}
MR       ++...                  S - +0 pair of boots
Stlth    ++++++....             T - amulet of regeneration
HPRegen  1.70/turn              P - ring "Inwiu" {rF++ AC+3}
MPRegen  0.22/turn              M - ring of Dishonour {*Contam rElec rPois Int+4 SInv Stlth+, =R}

@: mighty, lethally poisoned (-1 -> -5), regenerating
A: no potion heal 1
a: Recall Undead Slaves, Injury Mirror, Animate Dead, Drain Life, Renounce
Religion, Evoke Invisibility


You were on level 2 of the Spider Nest.
You worshipped Yredelemnul.
Yredelemnul was greatly pleased with you.
You were not hungry.

You visited 5 branches of the dungeon, and saw 26 of its levels.

You collected 2178 gold pieces.
You spent 275 gold pieces at shops.

Inventory:

Hand Weapons
 a - the +7 spear of Katag (weapon) {pain, SInv Stlth+}
   (You found it on level 6 of the Dungeon)

   In the hands of one skilled in necromantic magic, it inflicts extra damage on
   living creatures.
   It lets you see invisible.
   It makes you more stealthy.
 b - a +1 fustibalus of chaos
Missiles
 d - 122 sling bullets
 y - 20 curare-tipped darts (quivered)
 H - 4 throwing nets
Armour
 k - a scarf of resistance (worn)
 l - the +2 pair of gloves of Hide-and-Seek (worn) {+Inv}
   (You bought it in a shop on level 15 of the Dungeon)

   It lets you turn invisible.
 z - the +1 ring mail "Boyta" {rElec rPois rC- rN+ Str+4, unknown}
   (You found it on level 1 of the Spider Nest)

   It affects your strength (+4).
   It makes you vulnerable to cold.
   It insulates you from electricity.
   It protects you from poison.
   It protects you from negative energy.
 J - a +1 helmet of intelligence (worn)
 R - a +2 shield (worn)
 S - a +0 pair of boots (worn)
 U - quicksilver dragon scales (worn)
Jewellery
 C - an uncursed ring of magical power
 M - the ring of Dishonour (right hand) {*Contam rElec rPois Int+4 SInv Stlth+, =R}
   (You found it on level 12 of the Dungeon)

   [ring of intelligence]

   It affects your intelligence (+4).
   It insulates you from electricity.
   It protects you from poison.
   It lets you see invisible.
   It causes magical contamination when unequipped.
   It makes you more stealthy.
 P - the ring "Inwiu" (left hand) {rF++ AC+3}
   (You found it on level 12 of the Dungeon)

   [ring of protection]

   It affects your AC (+3).
   It greatly protects you from fire.
 T - an amulet of regeneration (around neck)
 W - an uncursed ring of protection from cold
Wands
 r - a wand of clouds (3)
 t - a wand of acid (19)
 A - a wand of paralysis (24)
 K - a wand of digging (12)
 Q - a wand of iceblast (28)
Scrolls
 n - 12 scrolls of teleportation
 p - 2 scrolls of blinking
 x - 11 scrolls of remove curse
 D - 2 scrolls of immolation
 N - 2 scrolls of fog
 O - 6 scrolls of fear
 Z - 2 scrolls of magic mapping
Potions
 c - 9 potions of curing
 g - 4 potions of flight
 i - 3 potions of magic
 j - 4 potions of berserk rage
 m - 2 potions of ambrosia
 o - 3 potions of invisibility
 s - 4 potions of haste
 v - 2 potions of heal wounds
 w - 3 potions of cancellation
 B - a potion of agility
 F - 5 potions of lignification
 G - 3 potions of resistance
 I - 10 potions of might
 X - 2 potions of mutation
 Y - a potion of brilliance {unknown}
Miscellaneous
 u - a phantom mirror
Comestibles
 e - 13 rations


   Skills:
 - Level 10.0 Fighting
 * Level 2.8 Polearms
 - Level 8.0 Dodging
 - Level 10.0 Stealth
 * Level 13.4 Shields
 + Level 10.4 Spellcasting
 - Level 4.0 Conjurations
 - Level 2.0 Hexes
 - Level 4.0 Charms
 - Level 8.0 Necromancy
 - Level 2.0 Transmutations
 - Level 8.0 Air Magic
 - Level 2.0 Earth Magic
 - Level 6.0 Poison Magic
 + Level 9.5 Invocations


You had 3 spell levels left.
You knew the following spells:

 Your Spells              Type           Power        Failure   Level  Hunger
a - Shock                 Conj/Air       ####         1%          1    None
b - Animate Skeleton      Necr           N/A          1%          1    None
c - Vampiric Draining     Necr           ######....   1%          3    None
d - Mephitic Cloud        Conj/Pois/Air  #####...     2%          3    None
e - Swiftness             Chrm/Air       #####...     1%          2    None
f - Airstrike             Air            ######....   3%          4    None
g - Passwall              Tmut/Erth      ####....     6%          2    None
h - Silence               Hex/Air        #####.....   32%         5    ###....
i - Poisonous Vapours     Pois/Air       ######       1%          2    None
j - Olgreb's Toxic Radia  Pois           ######..     8%          4    None
k - Sublimation of Blood  Necr           ######....   1%          2    None
z - Regeneration          Chrm/Necr      #####.....   2%          3    None

Your spell library contained the following spells:

 Spells                   Type           Power        Failure   Level  Hunger
 Magic Dart               Conj           ####         1%          1    None
 Pain                     Necr           ####         1%          1    None
 Sting                    Conj/Pois      ####         1%          1    None
 Searing Ray              Conj           #####.       2%          2    None
 Static Discharge         Conj/Air       #####...     2%          3    None
 Confusing Touch          Hex            ####..       4%          1    None
 Sandblast                Erth           ####..       4%          1    None
 Throw Frost              Conj/Ice       ####..       6%          2    None
 Dazzling Spray           Conj/Hex       ####..       8%          3    None
 Stone Arrow              Conj/Erth      ####..       8%          3    None
 Freeze                   Ice            ###.         9%          1    None
 Summon Small Mammal      Summ           ###.         9%          1    None
 Ensorcelled Hibernation  Hex/Ice        ###...       9%          2    None
 Ignite Poison            Fire/Tmut/Pois ####....     9%          3    None
 Ozocubu's Armour         Chrm/Ice       ####....     12%         3    None
 Call Imp                 Summ           ###.....     14%         2    None
 Summon Guardian Golem    Hex/Summ       ###.....     19%         3    None
 Call Canine Familiar     Summ           ###.....     26%         3    None
 Animate Dead             Necr           N/A          3%          4    None
 Iskenderun's Mystic Bla  Conj           #####...     17%         4    None
 Summon Lightning Spire   Summ/Air       #####...     17%         4    None
 Excruciating Wounds      Chrm/Necr      #####.....   22%         5    ###....
 Lightning Bolt           Conj/Air       #####.....   22%         5    ###....
 Fulminant Prism          Conj/Hex       ####......   26%         4    None
 Venom Bolt               Conj/Pois      #####.....   32%         5    ###....
 Cause Fear               Hex            ####......   36%         4    None
 Force Lance              Conj/Tloc      ####....     36%         4    None
 Leda's Liquefaction      Hex/Erth       ####......   36%         4    None
 Petrify                  Tmut/Erth      ####....     36%         4    None
 Throw Icicle             Conj/Ice       ####....     36%         4    None
 Alistair's Intoxication  Tmut/Pois      #####...     43%         5    ###....
 Ice Form                 Ice/Tmut       ###.....     52%         4    None
 Irradiate                Conj/Tmut      ####......   58%         5    ###....
 Summon Ice Beast         Ice/Summ       ###.....     65%         4    None
 Fireball                 Conj/Fire      ####......   73%         5    ###....
 Lee's Rapid Deconstruct  Erth           ####......   73%         5    ###....
 Yara's Violent Unravell  Hex/Tmut       ####......   73%         5    ###....
 Deflect Missiles         Chrm/Air       #####.....   75%         6    #####..
 Metabolic Englaciation   Hex/Ice        ###.......   86%         5    ###....
 Summon Mana Viper        Hex/Summ       ###.....     86%         5    ###....
 Freezing Cloud           Conj/Ice/Air   #####.....   95%         6    #####..
 Simulacrum               Ice/Necr       #####.....   95%         6    #####..
 Bolt of Cold             Conj/Ice       ####......   99%         6    #####..
 Bolt of Fire             Conj/Fire      ####......   99%         6    #####..
 Ozocubu's Refrigeration  Ice            ###.......   100%        6    #####..
 Ring of Flames           Chrm/Fire      ####......   100%        7    ######.
 Discord                  Hex            ####......   100%        8    #######
 Ignition                 Fire           ###.......   100%        8    #######


Dungeon Overview and Level Annotations

Branches:
Dungeon (15/15)            Temple (1/1) D:4            Lair (6/6) D:9
 Shoals (0/4) Lair:4       Spider (2/4) Lair:4        Slime (0/5) Lair:5
    Orc (2/2) D:11            Elf (0/3) Orc:2        Vaults (0/5) D:14
 Depths (0/5) D:15

Altars:
Ashenzari
Cheibriados
Dithmenos
Elyvilon
Fedhas
Gozag
Hepliaklqana
Kikubaaqudgha
Makhleb
Nemelex Xobeh
Okawaru
Qazlal
Ru
Sif Muna
Trog
Uskayaw
Vehumet
Wu Jian
Xom
Yredelemnul
Zin
The Shining One
Lugonu

Shops:
D:6 %   D:13 (   D:14 [   D:15 [

Annotations:
D:10 exclusion: upstairs
Spider:2 Arachne
Orc:2 Jorgrun; Josephine


Innate Abilities, Weirdness & Mutations

Potions are less effective at restoring your health.


Message History

The stream of webbing misses you. The redback barely misses you.
The jumping spider closely misses you. You block the jumping spider's attack.
Arachne stares at you and mumbles some strange words.
The poison arrow hits you!!
You are more poisoned.
You partially resist.
* * * LOW HITPOINT WARNING * * *
The jumping spider pounces on you!
* * * LOW HITPOINT WARNING * * *
You are caught in a web!
The jumping spider bites you but does no damage.
The redback closely misses you. Arachne hits you but does no damage.
The web tears apart.
* * * LOW HITPOINT WARNING * * *
You feel very sick.
Arachne's staff shoots out a stream of webbing.
You block the stream of webbing.
You block the jumping spider's attack. x2
The redback bites you.
You die...
Your body rises from the dead as a mindless zombie.

......## .....## ######
.# ###### ##
#######.#.^## ###
####....#......### ..##
#.......#...#..^.## .(.#
#.s##..#.....## ..##
#@.#...##.....# ###
#Hs#...###.#..# .##
#..#..##.###..# ..##
##....#......## ...#
#..^##.#...(.# ...##
#########..#.## ##.^##
#### ###..#.^#...####
##.^###..####..........##
##........#....#....###


You could see Arachne, a jumping spider and a redback.

Vanquished Creatures
  An orc warlord (Orc:1)
  An ogre mage (D:15)
  Harold (D:8)
  3 vault guards (D:14)
  2 hydras
  Erica (D:8)
  4 two-headed ogres
  A centaur warrior (D:15)
  6 death yaks
  An orc high priest (Orc:1)
  Sonja (Lair:6)
  A fire crab (Lair:6)
  3 unseen horrors
  A skeletal warrior (Orc:2)
  A swamp dragon (Lair:6)
  2 wizards
  2 necromancers (D:14)
  An oklob plant (Lair:5)
  3 orb spiders
  8 wolf spiders
  3 orc sorcerers
  2 cyclopes
  3 deep elf magi
  4 ugly things
  A moth of wrath (Spider:1)
  4 manticores
  2 guardian serpents
  Maurice (D:9)
  4 black mambas
  A torpor snail (Lair:3)
  A naga mage (D:15)
  2 elephants
  5 spiny frogs
  2 gargoyles
  5 centaur skeletons
  3 rime drakes
  4 kobold demonologists
  A yaktaur (D:15)
  3 demonic crawlers
  4 komodo dragons
  An efreet (D:14)
  A freezing wraith (D:15)
  3 tengu conjurers
  6 jumping spiders
  3 trolls
  4 red devils (D:13)
  4 hornets
  11 hippogriffs
  10 blink frogs
  Prince Ribbit (D:7)
  5 slime creatures
  2 spriggans (Lair:1)
  14 redbacks
  2 vampires
  4 shadows
  5 wraiths (Orc:1)
  4 tarantellas
  5 wyverns
  13 humans (D:14)
  17 yaks
  A basilisk (Lair:6)
  Eustachio (D:6)
  A soldier ant (D:13)
  A warg (Orc:1)
  3 acid dragons
  11 water moccasins
  6 porcupines
  7 orc warriors
  6 sky beasts
  3 ice beasts
  3 phantoms
  An eye of draining (D:15)
  A blink frog zombie (Lair:6)
  A black bear (D:10)
  11 ogres
  4 wolves
  7 centaurs
  6 crocodiles
  14 big kobolds (D:11)
  13 bullfrogs
  3 scorpions (D:10)
  5 killer bees (D:7)
  7 wights
  An electric eel (Lair:1)
  4 crimson imps
  2 bullfrog zombies
  6 centaur zombies
  A hound (shapeshifter) (D:15)
  3 jellies
  2 quasits
  2 bullfrog skeletons (D:12)
  11 orc priests
  Crazy Yiuf (D:3)
  Jessica (D:3)
  8 iguanas
  Natasha (thrice) (D:3)
  13 orc wizards
  9 worker ants
  An ogre zombie (Orc:2)
  An acid dragon zombie (D:14)
  A howler monkey zombie (D:10)
  2 gnolls (D:6)
  2 worker ant zombies
  7 adders
  8 shadow imps
  3 oozes
  An adder skeleton (D:4)
  6 leopard geckos
  44 orcs
  2 ball pythons (D:1)
  3 giant cockroaches
  6 goblins
  2 hobgoblins (D:1)
  10 jackals
  2 quokkas
  8 bats
  A frilled lizard (D:5)
  A jackal skeleton (D:4)
  18 kobolds
  2 orc zombies (Orc:2)
  6 rats
534 creatures vanquished.

Vanquished Creatures (collateral kills)
  A fire dragon (Lair:6)
  2 hydras
  The ghost of Froggeryz the Zephyrmancer, a journeyman DrAE of Sif Muna (Lair:1)
  2 centaur warriors (D:13)
  2 tengu warriors
  4 death yaks (Lair:1)
  A shadow wraith (D:15)
  4 orb spiders
  4 oklob plants (Lair:5)
  2 orc sorcerers (Orc:1)
  3 wolf spiders
  A slime creature (D:12)
  8 elephants
  5 black mambas (Lair:6)
  A naga mage (D:15)
  11 spiny frogs
  A rime drake (Lair:6)
  A demonic crawler (Spider:2)
  7 komodo dragons
  A freezing wraith (D:15)
  The ghost of nubinia the Magician, a novice DEVM of Sif Muna (D:7)
  A troll (D:11)
  The ghost of Udoklahutz the Slasher, an amateur MiGl (D:15)
  2 jumping spiders (Spider:1)
  6 polar bears
  2 hornets
  3 hippogriffs
  A blink frog (Lair:2)
  12 redbacks
  3 shadows
  23 yaks
  7 wyverns
  2 tarantellas (Spider:1)
  3 wraiths (D:15)
  6 humans (D:14)
  2 hungry ghosts
  2 basilisks (Lair:6)
  A steam dragon (Lair:6)
  An acid dragon (Lair:6)
  A warg (Orc:1)
  13 water moccasins
  5 porcupines
  5 orc warriors
  2 swamp drakes (Lair:6)
  A necrophage (D:12)
  2 centaurs
  3 ogres
  3 wolves
  8 crocodiles
  5 big kobolds
  13 bullfrogs
  A scorpion (D:8)
  2 wights (D:8)
  2 howler monkeys (D:8)
  An electric eel (Lair:1)
  2 crimson imps
  2 hounds
  2 jellies (D:8)
  10 orc wizards
  3 orc priests
  A bullfrog skeleton (D:10)
  2 worker ants
  A hound skeleton (D:7)
  A howler monkey zombie (D:8)
  2 gnolls
  2 adders
  A shadow imp (D:8)
  3 oozes (D:8)
  2 leopard geckos (D:1)
  13 orcs
  A giant cockroach (D:6)
  A jackal (D:9)
  A quokka (D:11)
  A bat (D:1)
  2 kobolds (D:12)
  15 fungi
  23 plants
299 creatures vanquished.

Vanquished Creatures (others)
  2 wolf spider zombies (Spider:2)
  A spectral orc (Orc:1)
  5 redback zombies
  A jumping spider zombie (Spider:1)
  A guardian serpent zombie (Lair:6)
  2 black mamba zombies (Lair:6)
  A redback (Spider:1)
  8 flying skulls
  3 wraiths
  2 vampires
  7 spiny frog zombies
  A hornet zombie (Lair:6)
  6 human zombies
  A manticore zombie (D:12)
  2 blink frog skeletons
  3 blink frog zombies
  An elephant skeleton (Lair:5)
  A manticore skeleton (D:12)
  A rime drake zombie (Lair:3)
  A torpor snail zombie (Lair:3)
  3 komodo dragon zombies
  2 hippogriff zombies
  A fire crab zombie (Lair:6)
  A hippogriff skeleton (D:14)
  A cyclops zombie (D:15)
  6 wyvern zombies
  2 komodo dragon skeletons
  10 water moccasin zombies
  A troll zombie (D:15)
  6 yak zombies
  A polar bear zombie (Lair:5)
  A warg skeleton (Orc:1)
  4 wights
  A tengu skeleton (D:13)
  2 yak skeletons
  2 wolf zombies
  A wolf skeleton (Lair:5)
  2 centaur zombies
  4 bullfrog zombies
  A basilisk zombie (Lair:6)
  8 bullfrog skeletons
  An orc priest (Orc:2)
  2 centaur skeletons
  3 human skeletons (D:14)
  2 porcupine zombies
  A porcupine skeleton (Lair:1)
  An acid dragon zombie (D:15)
  9 big kobold zombies (D:11)
  4 ogre zombies
  2 sky beast zombies
  4 crocodile zombies
  An ogre skeleton (D:11)
  4 crocodile skeletons
  A hound zombie (D:9)
  A worker ant zombie (D:11)
  A swamp drake zombie (Lair:6)
  A scorpion zombie (D:10)
  A steam dragon zombie (Lair:6)
  An adder zombie (D:8)
  2 iguana zombies
  8 orc skeletons
  8 kobold zombies
  30 orc zombies
  A quokka skeleton (D:11)
  20 fungi
  24 plants
243 creatures vanquished.

Grand Total: 1076 creatures vanquished

Notes
Turn   | Place    | Note
-------+----------+-------------------------------------------
     0 | D:1      | Gumption the Human Necromancer began the quest for the Orb.
     0 | D:1      | Reached XP level 1. HP: 13/13 MP: 3/3
     3 | D:1      | Learned a level 1 spell: Animate Skeleton
   760 | D:1      | Reached XP level 2. HP: 18/19 MP: 1/5
  1131 | D:1      | Reached XP level 3. HP: 8/24 MP: 0/6
  1332 | D:1      | Found a snail-covered altar of Cheibriados.
  1766 | D:1      | Learned a level 3 spell: Vampiric Draining
  1963 | D:2      | Found a sacrificial altar of Ru.
  2114 | D:2      | Reached XP level 4. HP: 19/30 MP: 2/7
  2795 | D:3      | Reached skill level 1 in Shields
  3013 | D:3      | Noticed Jessica
  3030 | D:3      | Killed Jessica
  3030 | D:3      | Reached XP level 5. HP: 14/35 MP: 2/8
  3503 | D:3      | Reached skill level 5 in Necromancy
  3534 | D:3      | Found a runed translucent door.
  3535 | D:3      | Noticed Crazy Yiuf
  3719 | D:3      | Found a shimmering altar of Xom.
  4179 | D:3      | Noticed Natasha
  4185 | D:3      | Killed Natasha
  4185 | D:3      | Reached skill level 2 in Shields
  4543 | D:3      | Noticed Natasha
  4555 | D:3      | Killed Natasha
  4555 | D:3      | Reached XP level 6. HP: 30/41 MP: 1/10
  4686 | D:3      | Killed Crazy Yiuf
  4921 | D:3      | Noticed Natasha
  4927 | D:3      | Killed Natasha
  5010 | D:4      | Noticed a phantom
  5420 | D:4      | Found a burning altar of Makhleb.
  5422 | D:4      | Found a glowing silver altar of Zin.
  5422 | D:4      | Noticed an angel
  5423 | D:4      | Noticed an Executioner
  5432 | D:4      | Reached skill level 3 in Shields
  5542 | D:4      | Found a shattered altar of Ashenzari.
  5549 | D:4      | Found a stormy altar of Qazlal.
  5554 | D:4      | Found a bloodstained altar of Trog.
  5565 | D:4      | Found a hazy altar of Hepliaklqana.
  5572 | D:4      | Found a blossoming altar of Fedhas.
  5577 | D:4      | Found a radiant altar of Vehumet.
  5587 | D:4      | Found a basalt altar of Yredelemnul.
  5595 | D:4      | Became a worshipper of Yredelemnul the Dark
  5721 | D:4      | Killed a phantom
  5721 | D:4      | Reached XP level 7. HP: 46/46 MP: 11/11
  5726 | D:4      | Learned a level 3 spell: Regeneration
  5756 | D:4      | Found an opulent altar of Gozag.
  5954 | D:4      | Found a staircase to the Ecumenical Temple.
  6301 | Temple   | Entered the Ecumenical Temple
  6407 | D:5      | Entered Level 5 of the Dungeon
  6873 | D:5      | Reached skill level 4 in Shields
  7141 | D:5      | Learned a level 1 spell: Shock
  7294 | D:5      | Reached XP level 8. HP: 44/52 MP: 3/13
  7379 | D:5      | Found a burning altar of Makhleb.
  7379 | D:5      | Noticed a blizzard demon
  7453 | D:5      | Reached skill level 1 in Air Magic
  7631 | D:6      | Reached skill level 1 in Conjurations
  7772 | D:5      | Reached skill level 1 in Charms
  7827 | D:6      | Found Mopren's Food Shop.
  8124 | D:6      | Noticed Eustachio
  8159 | D:6      | Killed Eustachio
  8714 | D:6      | Found a transporter.
  8718 | D:6      | Noticed a kobold demonologist
  8731 | D:6      | Found a transporter.
  8751 | D:6      | Got a crude spear
  8905 | D:6      | Found a glowing golden altar of the Shining One.
  9000 | D:6      | Noticed a kobold demonologist
  9001 | D:6      | Identified the +7 spear of Katag {pain, SInv Stlth+} (You
                  | found it on level 6 of the Dungeon)
  9130 | D:6      | Found a shimmering blue altar of Sif Muna.
  9130 | D:6      | Found a hide-covered altar of Uskayaw.
  9156 | D:7      | Reached XP level 9. HP: 56/57 MP: 15/15
  9160 | D:7      | Learned a level 2 spell: Swiftness
  9307 | D:7      | Found a transporter.
  9362 | D:7      | Noticed nubinia's ghost (novice DEVM)
  9452 | D:7      | Found a transporter.
  9465 | D:7      | Noticed Prince Ribbit
  9501 | D:7      | Reached skill level 1 in Fighting
  9506 | D:7      | Reached skill level 5 in Stealth
  9506 | D:7      | Reached * piety under Yredelemnul
  9762 | D:7      | Killed Prince Ribbit
 10141 | D:8      | Noticed Erica
 10155 | D:8      | Killed Erica
 10155 | D:8      | Reached XP level 10. HP: 5/68 MP: 13/17
 10485 | D:8      | Noticed a two-headed ogre
 10490 | D:8      | Killed a two-headed ogre
 10490 | D:8      | Reached skill level 5 in Spellcasting
 10594 | D:8      | Learned a level 4 spell: Airstrike
 10753 | D:8      | Noticed Harold
 10770 | D:8      | Killed Harold
 10770 | D:8      | Reached skill level 1 in Invocations
 11277 | D:8      | Reached ** piety under Yredelemnul
 11321 | D:9      | Reached skill level 5 in Dodging
 11469 | D:9      | Learned a level 2 spell: Passwall
 11486 | D:9      | Noticed Maurice
 11735 | D:9      | Noticed a death yak
 11735 | D:9      | Noticed a death yak
 11872 | D:9      | Reached XP level 11. HP: 76/77 MP: 15/19
 11911 | D:9      | Killed Maurice
 12401 | D:8      | Killed a death yak
 12401 | D:8      | Reached skill level 5 in Air Magic
 12518 | D:9      | Found an ancient bone altar of Kikubaaqudgha.
 12831 | D:9      | Got a dazzling leather armour
 12847 | D:9      | Identified the +1 leather armour "Zoczofo" {rF- Str+6
                  | Dex+3} (You found it on level 9 of the Dungeon)
 12889 | D:9      | Found a staircase to the Lair.
 13060 | D:9      | Noticed a death yak
 13165 | D:8      | Your ally Harold died
 13167 | D:8      | Killed a death yak
 13340 | D:8      | Your ally Erica died
 13661 | D:10     | Entered Level 10 of the Dungeon
 13737 | D:10     | Noticed a red ugly thing
 13770 | D:10     | Killed a red ugly thing
 14332 | D:10     | Got a warped iron amulet
 14482 | D:10     | Identified the amulet of Xom's Whim {Acrobat Stlth+} (You
                  | found it on level 10 of the Dungeon)
 14501 | D:10     | Reached skill level 5 in Fighting
 14720 | D:10     | Found a glowing golden altar of the Shining One.
 15566 | D:11     | Noticed a seven-headed hydra
 16010 | D:11     | Reached XP level 12. HP: 79/86 MP: 1/21
 16227 | D:11     | Reached *** piety under Yredelemnul
 16690 | D:11     | Killed a seven-headed hydra
 16833 | D:11     | Found a staircase to the Orcish Mines.
 17194 | Lair:1   | Entered Level 1 of the Lair of Beasts
 17194 | Lair:1   | Noticed a five-headed hydra
 17203 | Lair:1   | Killed a five-headed hydra
 17203 | Lair:1   | Reached skill level 5 in Invocations
 17624 | Lair:1   | Received a gift from Yredelemnul (4 flying skulls)
 17886 | Lair:1   | Found a runed translucent door.
 17898 | Lair:1   | Noticed a five-headed hydra
 17905 | Lair:1   | Killed a five-headed hydra
 17908 | Lair:1   | Reached skill level 1 in Transmutations
 17908 | Lair:1   | Reached skill level 1 in Earth Magic
 18082 | Lair:1   | Identified the +9 trident of Ahaypn {speed, rN+ MP+9 Str+3}
 18438 | Lair:1   | Noticed Froggeryz's ghost (journeyman DrAE)
 18687 | Lair:1   | Killed Froggeryz's ghost
 18998 | Lair:2   | Reached skill level 5 in Shields
 19020 | Lair:2   | Reached XP level 13. HP: 82/94 MP: 19/24
 19391 | Lair:2   | Reached **** piety under Yredelemnul
 19521 | Lair:3   | Received a gift from Yredelemnul (a wight)
 19955 | Lair:3   | Reached skill level 6 in Shields
 20003 | Lair:3   | Got an encrusted flail
 21468 | Lair:4   | Learned a level 5 spell: Silence
 21528 | Lair:4   | Received a gift from Yredelemnul (a wight)
 21670 | Lair:4   | Found a hole to the Spider Nest.
 21722 | Lair:4   | Found a staircase to the Shoals.
 21736 | Lair:4   | Reached skill level 7 in Shields
 22674 | Lair:5   | Found a staircase to the Slime Pits.
 23253 | Lair:4   | Received a gift from Yredelemnul (4 flying skulls)
 23406 | Lair:5   | Reached XP level 14. HP: 104/104 MP: 26/26
 23411 | Lair:5   | Reached skill level 8 in Shields
 23594 | Lair:5   | Identified Souplaiwn's Volume of Enhancements and the Oath
 23798 | Lair:5   | Reached skill level 10 in Stealth
 24199 | Lair:6   | Entered Level 6 of the Lair of Beasts
 24536 | Lair:5   | Learned a level 3 spell: Mephitic Cloud
 24541 | Lair:5   | Learned a level 4 spell: Olgreb's Toxic Radiance
 24916 | D:12     | Reached skill level 1 in Poison Magic
 25123 | D:12     | Reached skill level 9 in Shields
 25205 | D:11     | Reached ***** piety under Yredelemnul
 25382 | D:12     | Got a twitching amber ring
 25557 | D:12     | Got a coiled amber ring
 26041 | D:12     | Found a stormy altar of Qazlal.
 26507 | D:13     | Found Catuch's Antique Weapon Shoppe.
 26818 | D:13     | Received a gift from Yredelemnul (a wraith)
 26988 | D:13     | Identified the ring of Dishonour {*Contam rElec rPois Int+4
                  | SInv Stlth+} (You found it on level 12 of the Dungeon)
 27611 | Lair:6   | Reached skill level 10 in Shields
 27745 | Lair:6   | Received a gift from Yredelemnul (a wight)
 28113 | Lair:6   | Noticed Sonja
 28120 | Lair:6   | Killed Sonja
 28311 | Lair:6   | Received a gift from Yredelemnul (a vampire)
 28402 | Lair:6   | Identified the ring "Inwiu" {rF++ AC+3} (You found it on
                  | level 12 of the Dungeon)
 28556 | Lair:6   | Received a gift from Yredelemnul (a wight)
 28816 | Lair:6   | Reached XP level 15. HP: 113/113 MP: 18/27
 29033 | Lair:6   | Received a gift from Yredelemnul (a skeletal warrior)
 29339 | Lair:6   | Upgraded the game from 0.25-a0-36-g303dd5b1f4 to
                  | 0.25-a0-41-g6cf4ce537d
 29555 | Orc:1    | Entered Level 1 of the Orcish Mines
 29598 | Orc:2    | Entered Level 2 of the Orcish Mines
 29600 | Orc:2    | Found a staircase to the Elven Halls.
 29807 | Orc:2    | Noticed an orc warlord
 30256 | Orc:1    | Killed an orc warlord
 30256 | Orc:1    | Reached skill level 11 in Shields
 30479 | Orc:2    | Noticed Josephine
 30481 | Orc:2    | Gained mutation: Potions are less effective at restoring
                  | your health. [a neqoxec]
 30552 | Orc:1    | Reached skill level 5 in Poison Magic
 30676 | Orc:2    | Noticed Jorgrun
 31738 | D:14     | Found Ovura's Antique Armour Boutique.
 31768 | D:14     | Received a gift from Yredelemnul (a wraith)
 31971 | D:14     | Reached skill level 10 in Fighting
 32639 | D:14     | Reached skill level 12 in Shields
 32978 | D:14     | Found a gate to the Vaults.
 33019 | D:14     | Found Ovura's Antique Armour Boutique.
 33388 | D:15     | Entered Level 15 of the Dungeon
 33500 | D:15     | Got a steaming spear
 33501 | D:15     | Identified the +6 spear "Gram" {drain, Str+6 Int+3 Dex-3}
                  | (You found it on level 15 of the Dungeon)
 33728 | D:15     | Found a runed translucent gate.
 33728 | D:15     | Found a runed translucent gate.
 33728 | D:15     | Found a runed translucent gate.
 34094 | D:15     | Noticed Udoklahutz's ghost (amateur MiGl)
 34099 | D:15     | Found Kiluqenis's Antique Armour Boutique.
 34123 | D:15     | Bought a pair of polished gloves for 275 gold pieces
 34133 | D:15     | Identified the +2 pair of gloves of Hide-and-Seek {+Inv}
                  | (You bought it in a shop on level 15 of the Dungeon)
 34329 | D:15     | Reached skill level 1 in Hexes
 34739 | D:15     | Reached XP level 16. HP: 107/122 MP: 29/29
 34756 | D:15     | Found a staircase to the Depths.
 34896 | D:15     | Killed Udoklahutz's ghost
 34918 | D:15     | Got a dazzling scale mail
 35287 | D:6      | Reached skill level 10 in Spellcasting
 35320 | D:6      | Got a polished falchion
 35384 | D:7      | Killed nubinia's ghost
 35540 | Spider:1 | Entered Level 1 of the Spider Nest
 35546 | Lair:4   | Learned a level 2 spell: Poisonous Vapours
 35845 | Spider:1 | Identified the cursed +0 scale mail "Tuseot" {rF+} (You
                  | found it on level 15 of the Dungeon)
 35959 | Spider:1 | Reached skill level 13 in Shields
 36449 | Spider:1 | Got a twisted ring mail
 36548 | Spider:1 | Received a gift from Yredelemnul (a vampire)
 36573 | Spider:1 | Learned a level 2 spell: Sublimation of Blood
 36738 | Spider:1 | Reached skill level 1 in Polearms
 37264 | Spider:2 | Received a gift from Yredelemnul (a wraith)
 37823 | Spider:2 | Noticed Arachne
 37844 | Spider:2 | HP: 3/122 [jumping spider (9)]
 37845 | Spider:2 | Slain by a redback

Levels and vault maps discovered:
D:1:      dpeg_arrival_ternary, layout_basic, chequers_serial_rivers_small_a,
          cheibriados_altar_1
D:2:      layout_basic, nicolae_overflow_crystal_walls, first_ration
D:3:      layout_basic, lemuel_coloured_pillars_altar,
          kennysheep_generic_room_10, uniq_crazy_yiuf_cottage, uniq_jessica,
          uniq_natasha
D:4:      layout_gridville, grunt_temple_overflow_order_and_chaos_2,
          kennysheep_little_box, grunt_temple_overflow_octagram, temple_hall,
          lightli_corner_chamber
D:5:      layout_rooms, makhleb_altar_promises_db
D:6:      gammafunk_wand_slinger, layout_loops_ring, marbit_many_paths,
          gammafunk_temple_overflow_wave, serial_shops, shop,
          minmay_misc_feat_pillars, uniq_eustachio
D:7:      layout_rooms, gammafunk_ghost_arena, uniq_prince_ribbit1
D:8:      layout_basic, hangedman_little_slice_of_home, grunt_decor_one_mirror,
          uniq_harold, uniq_erica
D:9:      kennysheep_big_flooded_room, layout_basic, lemuel_crystal_altar,
          dpeg_lair_monsters, uniq_maurice
D:10:     layout_loops_ring, basic_altar
D:11:     layout_roguey [special_room_kobold], orc_0_dummy,
          nrook_guardian_serpent_ordinary
D:12:     layout_layer_cave, grunt_qazlal_clouds
D:13:     layout_basic, serial_shops, shop, minivault_5,
          einodemon_armed_red_devil_minivault
D:14:     layout_rooms, grunt_vaults_entry_tiered, kennysheep_boxes,
          serial_shops, nicolae_shop_crystal,
          hangedman_abyss_or_decor_lesser_grid, minivault_19
D:15:     grunt_enter_depths_magical_seal, layout_basic,
          gammafunk_ghost_spectres, serial_shops,
          nicolae_shop_overgrown_old_shop, minmay_misc_feat_hallway
Temple:   corrupted_temple
Lair:1:   layout_long_grid, ebering_ghost_funeral_grove,
          nicolae_lair_grove_arrangements, nicolae_quartered_pool_little,
          serial_bayou_shore_a
Lair:2:   layout_loops_ring
Lair:3:   layout_hall_layers
Lair:4:   layout_hall_layers, shoals_dummy_entry, spider_nest_entry_rubble,
          grunt_megastairs_4, lemuel_fruit_tree
Lair:5:   layout_layer_cave, minmay_slime_entry_oklob_open,
          cheibrodos_lair_lostbears
Lair:6:   hangedman_lair_tendril_chambers, layout_small_grid,
          guppyfry_lair_end_dragon, uniq_sonja
Spider:1: layout_chambers, hangedman_spider_tarantella_strand
Spider:2: nicolae_spider_mines_1, uniq_arachne
Orc:1:    layout_diamond_mine
Orc:2:    st_orc_mages, layout_caves, ebering_ghost_inner_flame, uniq_josephine,
          uniq_jorgrun

Skill      XL: |  1  2  3  4  5  6  7  8  9 10 11 12 13 14 15 16 |
---------------+-------------------------------------------------+-----
Shields        | 1 2 3 4 5 7 10 12 13 | 13.4
Necromancy     | 5 6 7 8 |  8.0
Stealth        | 3 4 5 6 7 8 9 10 | 10.0
Spellcasting   | 3 4 5 6 7 8 9 10 | 10.4
Air Magic      | 3 4 6 8 |  8.0
Conjurations   | 3 4 |  4.0
Charms         | 2 3 4 |  4.0
Fighting       | 2 4 5 6 7 9 10 | 10.0
Dodging        | 3 5 6 7 8 |  8.0
Invocations    | 2 4 5 7 8 9 |  9.5
Transmutations | 1 2 |  2.0
Earth Magic    | 1 2 |  2.0
Poison Magic   | 4 6 |  6.0
Hexes          | 1 2 |  2.0
Polearms       | 2 |  2.8

Action                   |  1- 3 |  4- 6 |  7- 9 | 10-12 | 13-15 | 16-18 || total
-------------------------+-------+-------+-------+-------+-------+-------++-------
Melee: Unarmed           |     4 |       |       |       |       |       ||     4
       Dagger            |    16 |    21 |    21 |       |       |       ||    58
       Spear             |       |       |    72 |   250 |  1006 |   220 ||  1548
       Rapier            |       |       |     1 |       |       |       ||     1
 Fire: Fustibalus        |       |    50 |    13 |       |    43 |     4 ||   110
Throw: Dart              |     5 |    14 |    38 |    11 |    40 |     1 ||   109
       Stone             |     5 |       |       |       |       |       ||     5
 Cast: Pain              |    50 |    79 |    63 |    22 |     3 |       ||   217
       Animate Skeleton  |    18 |    12 |    14 |       |       |       ||    44
       Vampiric Draining |       |       |     3 |     8 |    14 |    11 ||    36
       Regeneration      |       |       |     1 |    13 |    16 |    10 ||    40
       Shock             |       |       |    57 |   210 |   106 |     3 ||   376
       Swiftness         |       |       |       |     3 |     1 |       ||     4
       Airstrike         |       |       |       |    95 |   203 |    10 ||   308
       Mephitic Cloud    |       |       |       |       |    44 |     7 ||    51
       Olgreb's Toxic Ra |       |       |       |       |     3 |     5 ||     8
       Poisonous Vapours |       |       |       |       |       |    83 ||    83
       Sublimation of Bl |       |       |       |       |       |     1 ||     1
Invok: Animate Remains   |       |       |     1 |    44 |     3 |       ||    48
       Injury Mirror     |       |       |       |     2 |     8 |       ||    10
       Recall Undead Sla |       |       |       |     1 |     7 |     1 ||     9
       Animate Dead      |       |       |       |    27 |   120 |    18 ||   165
       Drain Life        |       |       |       |       |     1 |     1 ||     2
       Enslave Soul      |       |       |       |       |     1 |       ||     1
Evoke: Wand              |       |     3 |       |       |     2 |     2 ||     7
  Use: Scroll            |       |     8 |     6 |    10 |    19 |     2 ||    45
       Potion            |       |       |       |       |     3 |     3 ||     6
 Stab: Sleeping          |     2 |     1 |     6 |    14 |    14 |     2 ||    39
       Paralysed         |       |     4 |       |       |       |       ||     4
       Distracted        |       |       |       |     7 |    17 |     5 ||    29
       Confused          |       |       |       |       |    19 |     4 ||    23
  Eat: Chunk             |     5 |     7 |     8 |    19 |    55 |     3 ||    97
       Ration            |       |     1 |     2 |    12 |    15 |     4 ||    34
Armor: Robe              |     7 |       |       |       |       |       ||     7
       Leather armour    |       |    15 |    45 |    36 |       |       ||    96
       Troll leather arm |       |       |       |    15 |    90 |       ||   105
       Quicksilver drago |       |       |       |       |   176 |   115 ||   291
Dodge: Dodged            |    34 |    31 |    44 |   162 |   427 |   136 ||   834
Block: Buckler           |     1 |     9 |    35 |    63 |       |       ||   108
       Reflection        |       |       |     3 |     1 |       |       ||     4
       Shield            |       |       |       |       |   544 |   165 ||   709

Table legend:
 A = Non-vault XP
 B = Vault XP
 C = Vault XP percentage of total XP
 D = Non-vault monster count
 E = Vault monster count
 F = Vault count percentage of total count
                 A         B        C        D         E       F
            +---------+---------+-------+---------+---------+-------
      Total |   90583 |   43153 |  32.3 |     591 |     200 |  25.3
            +---------+---------+-------+---------+---------+-------
        D:1 |      46 |       0 |   0.0 |      21 |       0 |   0.0
        D:2 |      37 |       0 |   0.0 |      15 |       0 |   0.0
        D:3 |     162 |     111 |  40.7 |      19 |       3 |  13.6
        D:4 |     427 |       0 |   0.0 |      20 |       0 |   0.0
        D:5 |     436 |       0 |   0.0 |       7 |       0 |   0.0
        D:6 |     529 |    1069 |  66.9 |      12 |       9 |  42.9
        D:7 |     778 |    1506 |  65.9 |      20 |       5 |  20.0
        D:8 |    1848 |    3413 |  64.9 |      25 |      13 |  34.2
        D:9 |    2893 |    1185 |  29.1 |      43 |       5 |  10.4
       D:10 |    2853 |       0 |   0.0 |      29 |       0 |   0.0
       D:11 |    3151 |    2418 |  43.4 |      30 |      26 |  46.4
       D:12 |    5795 |       0 |   0.0 |      32 |       0 |   0.0
       D:13 |    6454 |    1185 |  15.5 |      33 |       4 |  10.8
       D:14 |    5529 |    7348 |  57.1 |      20 |      25 |  55.6
       D:15 |    7138 |    6174 |  46.4 |      23 |      17 |  42.5
     Lair:1 |    7868 |    1457 |  15.6 |      29 |       4 |  12.1
     Lair:2 |    3698 |       0 |   0.0 |      21 |       0 |   0.0
     Lair:3 |    3700 |       0 |   0.0 |      21 |       0 |   0.0
     Lair:4 |    5631 |     647 |  10.3 |      28 |       4 |  12.5
     Lair:5 |    4541 |    2660 |  36.9 |      25 |      10 |  28.6
     Lair:6 |    5596 |   10751 |  65.8 |      31 |      49 |  61.2
   Spider:1 |   10730 |     219 |   2.0 |      41 |       1 |   2.4
   Spider:2 |    6659 |       0 |   0.0 |      20 |       0 |   0.0
      Orc:1 |    3281 |    2722 |  45.3 |      15 |      14 |  48.3
      Orc:2 |     803 |     288 |  26.4 |      11 |      11 |  50.0
            +---------+---------+-------+---------+---------+-------
